3AAA
NASHVILLE HOT CHICKENS @ SANTA BARBARA GOLDEN CRANES
07/05/2054
 
TOP OF THE 1ST
Nashville Hot Chickens batting - Pitching for Santa Barbara Golden Cranes : RHP Troy Dalton
Pitching: RHP Troy Dalton
Batting: RHB Ryan O'Callahan 0-0: Called Strike
0-1: Swinging Strike
0-2: Ball
1-2: Ground out 4-3 (Groundball, 34D, EV 98.8 MPH)
Batting: RHB Dong-su Yun 0-0: Ball
1-0: SOLO HOME RUN (Flyball, 7D, EV 95.6 MPH), Distance : 375 ft
Batting: SHB Waylon Meade 0-0: Ball
1-0: Ball
2-0: Ball
3-0: Base on Balls
Batting: RHB Ramón Lemus 0-0: Called Strike
0-1: Ball
1-1: Foul Ball, location: 2F
1-2: Ball
2-2: Fly out, F4 (Flyball, 34D, EV 88.8 MPH)
Batting: LHB Jason Melton 0-0: SINGLE (Line Drive, 56, EV 102.5 MPH)
Waylon Meade to second
Batting: LHB Tadasu Ogasahara 0-0: Called Strike
0-1: Ball
1-1: Fly out, F9 (Flyball, 89M, EV 83.8 MPH)
Top of the 1st over - 1 run, 2 hits, 0 errors, 2 left on base; Nashville 1 - Santa Barbara 0
BOTTOM OF THE 1ST
Santa Barbara Golden Cranes batting - Pitching for Nashville Hot Chickens : RHP Caleb Bullock
Pitching: RHP Caleb Bullock
Batting: LHB Wang Tsui 0-0: Ball
1-0: Ball
2-0: Called Strike
2-1: Ball
3-1: Base on Balls
Batting: LHB Buddy Gordon 0-0: Called Strike
0-1: Ball
1-1: Foul Ball, location: 2F
1-2: Foul Ball, location: 2F
1-2: Foul Ball, location: 2F
1-2: Ball
2-2: Ball
3-2: Foul Ball, location: 2F
3-2: SINGLE (Groundball, 3S, EV 67.5 MPH) (infield hit)
Wang Tsui to second
Batting: LHB José Organito 0-0: Called Strike
0-1: Ball
1-1: Swinging Strike
1-2: Ball
2-2: Grounds into double play, 4-6-3 (Groundball, 4S, EV 79.4 MPH)
Wang Tsui to third
Batting: SHB Bradley Whaley 0-0: Ball
1-0: Foul Ball, location: 2F
1-1: Foul Ball, location: 2F
1-2: Ball
2-2: Strikes out looking
Bottom of the 1st over - 0 runs, 1 hit, 0 errors, 1 left on base; Nashville 1 - Santa Barbara 0
TOP OF THE 2ND
Nashville Hot Chickens batting - Pitching for Santa Barbara Golden Cranes : RHP Troy Dalton
Batting: RHB Arturo Medina 0-0: Ball
1-0: Ball
2-0: Called Strike
2-1: Ball
3-1: Swinging Strike
3-2: Ground out U3 (Groundball, 3S, EV 86.9 MPH)
Batting: RHB Stephen Clifton 0-0: Called Strike
0-1: Foul Ball, location: 2F
0-2: Ball
1-2: Ball
2-2: Foul Ball, location: 2F
2-2: Strikes out looking
Batting: SHB Michael Wright 0-0: Ball
1-0: Ball
2-0: Swinging Strike
2-1: Foul Ball, location: 2F
2-2: Ball
3-2: Base on Balls
Batting: RHB Ryan O'Callahan 0-0: Swinging Strike
0-1: Ball
Michael Wright steals 2nd base
1-1: Fly out, F7 (Flyball, 7LSF, EV 71.2 MPH)
Top of the 2nd over - 0 runs, 0 hits, 0 errors, 1 left on base; Nashville 1 - Santa Barbara 0
BOTTOM OF THE 2ND
Santa Barbara Golden Cranes batting - Pitching for Nashville Hot Chickens : RHP Caleb Bullock
Batting: LHB Jeff Roest 0-0: Ball
1-0: Foul Ball, location: 2F
1-1: Foul Ball, location: 2F
1-2: Ball
2-2: Ground out 1-3 (Groundball, 15S, EV 66.9 MPH)
Batting: RHB Pablo Olartecoechea 0-0: Ball
1-0: Called Strike
1-1: Ball
2-1: Foul Ball, location: 2F
2-2: Strikes out looking
Batting: RHB Jeff Austin 0-0: Called Strike
0-1: Hit by Pitch
Batting: RHB Christian Ford 0-0: Ball
1-0: Called Strike
1-1: Fly out, F8 (Flyball, 8RD, EV 109.4 MPH)
Bottom of the 2nd over - 0 runs, 0 hits, 0 errors, 1 left on base; Nashville 1 - Santa Barbara 0
TOP OF THE 3RD
Nashville Hot Chickens batting - Pitching for Santa Barbara Golden Cranes : RHP Troy Dalton
Batting: RHB Dong-su Yun 0-0: Called Strike
0-1: Ground out 1-3 (Groundball, 34S, EV 68.1 MPH)
Batting: SHB Waylon Meade 0-0: Ball
1-0: Foul Ball, location: 2F
1-1: Foul Ball, location: 2F
1-2: Strikes out swinging
Batting: RHB Ramón Lemus 0-0: Called Strike
0-1: Ground out U3 (Groundball, 3L, EV 82.5 MPH)
Top of the 3rd over - 0 runs, 0 hits, 0 errors, 0 left on base; Nashville 1 - Santa Barbara 0
BOTTOM OF THE 3RD
Santa Barbara Golden Cranes batting - Pitching for Nashville Hot Chickens : RHP Caleb Bullock
Batting: RHB Heng-zong Fen 0-0: Ball
1-0: Called Strike
1-1: Foul Ball, location: 2F
1-2: Strikes out swinging
Batting: LHB Wang Tsui 0-0: Called Strike
0-1: Ball
1-1: Ground out 4-3 (Groundball, 4, EV 88.1 MPH)
Batting: LHB Buddy Gordon 0-0: Ball
1-0: Reached on error, E2 (Groundball, 15S, EV 61.9 MPH)
Batting: LHB José Organito Pickoff Throw to First - Error! E1
Buddy Gordon to second
0-0: Called Strike
0-1: Ball
1-1: Ground out 6-3 (Groundball, 56, EV 110.0 MPH)
Bottom of the 3rd over - 0 runs, 0 hits, 2 errors, 1 left on base; Nashville 1 - Santa Barbara 0
TOP OF THE 4TH
Nashville Hot Chickens batting - Pitching for Santa Barbara Golden Cranes : RHP Troy Dalton
Batting: LHB Jason Melton 0-0: Called Strike
0-1: Ball
1-1: Ball
2-1: DOUBLE (Line Drive, 89M, EV 96.9 MPH)
Batting: LHB Tadasu Ogasahara 0-0: Foul Ball, location: 2F
0-1: Ball
1-1: Fly out, F8 (Flyball, 8LM, EV 91.2 MPH)
Batting: RHB Arturo Medina 0-0: Ball
1-0: Ball
2-0: Fly out, F9 (Line Drive, 9S, EV 108.8 MPH)
Batting: RHB Stephen Clifton 0-0: Ball
1-0: SINGLE (Flyball, 3D, EV 98.8 MPH)
Jason Melton to third
Runner from 3rd tries for Home, SAFE, throw by RF to home
Batting: SHB Michael Wright 0-0: Ball
Stephen Clifton steals 2nd base
1-0: Swinging Strike
1-1: Ball
2-1: Called Strike
2-2: Foul Ball, location: 2F
2-2: SINGLE (Groundball, 6D, EV 105.6 MPH)
Stephen Clifton to third
Runner from 3rd tries for Home, SAFE, throw by CF to home
Batting: RHB Ryan O'Callahan 0-0: Called Strike
Michael Wright is caught stealing 2nd base 2-4
Top of the 4th over - 2 runs, 3 hits, 0 errors, 0 left on base; Nashville 3 - Santa Barbara 0
BOTTOM OF THE 4TH
Santa Barbara Golden Cranes batting - Pitching for Nashville Hot Chickens : RHP Caleb Bullock
Batting: SHB Bradley Whaley 0-0: Ball
1-0: Ball
2-0: Fly out, F8 (Flyball, 8LXD, EV 88.8 MPH)
Batting: LHB Jeff Roest 0-0: Foul Ball, location: 2F
0-1: Swinging Strike
0-2: Strikes out swinging
Batting: RHB Pablo Olartecoechea 0-0: Foul Ball, location: 2F
0-1: Foul Ball, location: 2F
0-2: Fly out, F8 (Flyball, 8LM, EV 90.0 MPH)
Bottom of the 4th over - 0 runs, 0 hits, 0 errors, 0 left on base; Nashville 3 - Santa Barbara 0
TOP OF THE 5TH
Nashville Hot Chickens batting - Pitching for Santa Barbara Golden Cranes : RHP Troy Dalton
Batting: RHB Ryan O'Callahan 0-0: Called Strike
0-1: Called Strike
0-2: Ball
1-2: Fly out, F8 (Flyball, 8RM, EV 85.0 MPH)
Batting: RHB Dong-su Yun 0-0: Called Strike
0-1: Ball
1-1: Ball
2-1: Swinging Strike
2-2: Ball
3-2: Fly out, F2 (Popup, 2LF, EV 85.6 MPH)
Batting: SHB Waylon Meade 0-0: SINGLE (Groundball, 4MD, EV 105.0 MPH)
Batting: RHB Ramón Lemus 0-0: Ball
1-0: Fly out, F3 (Popup, 3L, EV 74.4 MPH)
Top of the 5th over - 0 runs, 1 hit, 0 errors, 1 left on base; Nashville 3 - Santa Barbara 0
BOTTOM OF THE 5TH
Santa Barbara Golden Cranes batting - Pitching for Nashville Hot Chickens : RHP Caleb Bullock
Batting: RHB Jeff Austin 0-0: Fly out, F9 (Flyball, 9, EV 84.4 MPH)
Batting: RHB Christian Ford 0-0: Called Strike
0-1: Ground out 6-3 (Groundball, 6, EV 90.6 MPH)
Batting: RHB Heng-zong Fen 0-0: Foul Ball, location: 2F
0-1: Called Strike
0-2: Ground out 6-3 (Groundball, 6, EV 85.6 MPH)
Bottom of the 5th over - 0 runs, 0 hits, 0 errors, 0 left on base; Nashville 3 - Santa Barbara 0
TOP OF THE 6TH
Nashville Hot Chickens batting - Pitching for Santa Barbara Golden Cranes : RHP Troy Dalton
Batting: LHB Jason Melton 0-0: Called Strike
0-1: Fly out, F7 (Flyball, 7LS, EV 96.2 MPH)
Batting: LHB Tadasu Ogasahara 0-0: Foul Ball, location: 2F
0-1: Foul Ball, location: 2F
0-2: Foul Ball, location: 2F
0-2: Strikes out swinging
Batting: RHB Arturo Medina 0-0: Foul Ball, location: 2F
0-1: Foul Ball, location: 2F
0-2: Ball
1-2: Ball
2-2: Ball
3-2: Ground out 5-3 (Groundball, 56, EV 83.8 MPH)
Top of the 6th over - 0 runs, 0 hits, 0 errors, 0 left on base; Nashville 3 - Santa Barbara 0
BOTTOM OF THE 6TH
Santa Barbara Golden Cranes batting - Pitching for Nashville Hot Chickens : RHP Caleb Bullock
Pitching: LHP Eduardo Martínez
Batting: LHB Wang Tsui 0-0: Called Strike
0-1: Ball
1-1: Ball
2-1: Bunted foul
2-2: Ground out 6-3 (Groundball, 6, EV 91.9 MPH)
Batting: LHB Buddy Gordon 0-0: Ball
1-0: Ball
2-0: Fly out, F9 (Flyball, 9D, EV 98.1 MPH)
Batting: LHB José Organito 0-0: Ball
1-0: Ball
2-0: Ball
3-0: Base on Balls
Batting: SHB Bradley Whaley 0-0: Called Strike
0-1: Called Strike
0-2: Strikes out swinging
Bottom of the 6th over - 0 runs, 0 hits, 0 errors, 1 left on base; Nashville 3 - Santa Barbara 0
TOP OF THE 7TH
Nashville Hot Chickens batting - Pitching for Santa Barbara Golden Cranes : RHP Troy Dalton
Batting: RHB Stephen Clifton 0-0: Ball
1-0: SINGLE (Line Drive, 89M, EV 103.8 MPH)
Batting: SHB Michael Wright 0-0: Bunted foul
0-1: Bunted foul
0-2: Foul Ball, location: 2F
0-2: Ball
1-2: Ball
2-2: Strikes out swinging
Pitching: RHP Cisco Morales
Batting: RHB Ryan O'Callahan 0-0: Called Strike
0-1: Foul Ball, location: 2F
0-2: Fly out, F8 (Flyball, 8RS, EV 79.4 MPH)
Batting: RHB Dong-su Yun 0-0: Ball
1-0: Ball
2-0: Foul Ball, location: 2F
2-1: Ball
3-1: Foul Ball, location: 2F
3-2: DOUBLE (Flyball, 8RXD, EV 108.1 MPH)
Stephen Clifton to third
Stephen Clifton scores
Batting: SHB Waylon Meade 0-0: Ground out 6-3 (Groundball, 6, EV 102.5 MPH)
Top of the 7th over - 1 run, 2 hits, 0 errors, 1 left on base; Nashville 4 - Santa Barbara 0
BOTTOM OF THE 7TH
Santa Barbara Golden Cranes batting - Pitching for Nashville Hot Chickens : LHP Eduardo Martínez
Batting: LHB Jeff Roest 0-0: Ball
1-0: Foul Ball, location: 2F
1-1: Swinging Strike
1-2: Foul Ball, location: 2F
1-2: Ball
2-2: Foul Ball, location: 2F
2-2: Fly out, F8 (Flyball, 8RD, EV 84.4 MPH)
Batting: RHB Pablo Olartecoechea 0-0: Foul Ball, location: 2F
0-1: Called Strike
0-2: Ball
1-2: Ball
2-2: Ground out 4-3 (Groundball, 4, EV 88.1 MPH)
Batting: RHB Jeff Austin 0-0: Ground out 6-3 (Groundball, 6, EV 80.6 MPH)
Bottom of the 7th over - 0 runs, 0 hits, 0 errors, 0 left on base; Nashville 4 - Santa Barbara 0
TOP OF THE 8TH
Nashville Hot Chickens batting - Pitching for Santa Barbara Golden Cranes : RHP Cisco Morales
Batting: RHB Ramón Lemus 0-0: Ground out U3 (Groundball, 34S, EV 71.2 MPH)
Batting: LHB Jason Melton 0-0: SINGLE (Line Drive, 78S, EV 108.1 MPH)
Batting: LHB Tadasu Ogasahara 0-0: SINGLE (Line Drive, 6MD, EV 97.5 MPH)
Jason Melton to second
Runner from 2nd tries for 3rd, SAFE, throw by CF made to third
Batting: RHB Arturo Medina 0-0: Called Strike
0-1: Ball
1-1: Called Strike
1-2: Fly out, F9 (Flyball, 89M, EV 85.0 MPH)
Runner from 3rd tags up, SCORES, throw by RF
Batting: RHB Stephen Clifton 0-0: Ball
1-0: Swinging Strike
1-1: Ball
2-1: Swinging Strike
2-2: Fly out, F8 (Flyball, 8RS, EV 79.4 MPH)
Top of the 8th over - 1 run, 2 hits, 0 errors, 1 left on base; Nashville 5 - Santa Barbara 0
BOTTOM OF THE 8TH
Santa Barbara Golden Cranes batting - Pitching for Nashville Hot Chickens : LHP Eduardo Martínez
Batting: RHB Christian Ford 0-0: Called Strike
0-1: Foul Ball, location: 2F
0-2: Ball
1-2: Hit by Pitch
Batting: RHB Heng-zong Fen 0-0: Fly out, F3 (Popup, 34, EV 78.8 MPH)
Batting: LHB Wang Tsui 0-0: Called Strike
0-1: Ball
1-1: Grounds into double play, 4-6-3 (Groundball, 4, EV 104.4 MPH)
Bottom of the 8th over - 0 runs, 0 hits, 0 errors, 0 left on base; Nashville 5 - Santa Barbara 0
TOP OF THE 9TH
Nashville Hot Chickens batting - Pitching for Santa Barbara Golden Cranes : RHP Cisco Morales
Batting: SHB Michael Wright 0-0: Ball
1-0: Swinging Strike
1-1: Ball
2-1: Ball
3-1: Base on Balls
Batting: RHB Ryan O'Callahan 0-0: Fielders Choice at 2nd, 1-6 (Groundball, 13S, EV 73.8 MPH)
Batting: RHB Dong-su Yun 0-0: Foul Ball, location: 2F
0-1: Called Strike
0-2: Ball
1-2: Strikes out swinging
Batting: SHB Waylon Meade 0-0: Ball
1-0: Ball
2-0: Fly out, F7 (Flyball, 7D, EV 78.1 MPH)
Top of the 9th over - 0 runs, 0 hits, 0 errors, 1 left on base; Nashville 5 - Santa Barbara 0
BOTTOM OF THE 9TH
Santa Barbara Golden Cranes batting - Pitching for Nashville Hot Chickens : LHP Eduardo Martínez
Batting: LHB Buddy Gordon 0-0: Called Strike
0-1: Called Strike
0-2: Foul Ball, location: 2F
0-2: SINGLE (Groundball, 34D, EV 103.1 MPH)
Pitching: LHP Robert Carlson
Batting: LHB José Organito 0-0: Ball
1-0: Called Strike
1-1: Ball
2-1: Foul Ball, location: 2F
2-2: Ball
3-2: Reached on error, E8 (Flyball, 8LXD, EV 86.2 MPH)
Buddy Gordon to third
Batting: SHB Bradley Whaley 0-0: Ball
1-0: Ball
2-0: Called Strike
2-1: Foul Ball, location: 2F
2-2: Hit by Pitch
Pitching: LHP Alejandro Colón
Batting: RHB Luis Martínez 0-0: Fly out, F8 (Flyball, 89M, EV 92.5 MPH)
Batting: RHB Pablo Olartecoechea 0-0: Ball
1-0: Ball
2-0: Called Strike
2-1: Called Strike
2-2: Strikes out swinging
Batting: RHB Jeff Austin 0-0: Fly out, F7 (Flyball, 7, EV 89.4 MPH)
Bottom of the 9th over - 0 runs, 1 hit, 1 error, 3 left on base; Nashville 5 - Santa Barbara 0
Monday, April 1st , 2024 - OOTP Baseball 23.10 Build 110